 Dungeon Crawl Stone Soup version 0.31-a0-196-g86fe4a5e66 (webtiles) character file.

Game seed: 16521072226609837451

22 qw the Shooter (level 2, 0/16 HPs)
             Began as a Deep Elf Hunter on June 24, 2023.
             Constricted to death by a ball python (1 damage)
             ... on level 1 of the Dungeon.
             The game lasted 00:00:08 (354 turns).

qw the Shooter (Deep Elf Hunter)                     Turns: 354, Time: 00:00:09

Health: 0/16       AC:  3    Str:  8    XL:     2   Next: 68%
Magic:  4/4        EV:  9    Int: 13    God:
Gold:   7          SH:  0    Dex: 18    Spells: 1/1 levels left

rFire   . . .        a - +0 shortbow
rCold   . . .        (shield currently unavailable)
rNeg    . . .        c - +0 leather armour
rPois   .            (no helmet)
rElec   .            (no cloak)
rCorr   .            (no gloves)
SInv    .            (no boots)
Will    .....        (no amulet)
Stlth   ++           (no ring)
HPRegen 0.22/turn    (no ring)
MPRegen 0.09/turn

%: no passive effects
@: constricted
A: no striking features
a: no special abilities


You were on level 1 of the Dungeon.
You visited 1 branch of the dungeon, and saw 1 of its levels.

You collected 7 gold pieces.


   Skills:
 - Level 1.5 Fighting
 + Level 6.4 Ranged Weapons
 - Level 2.4 Dodging
 - Level 1.2 Stealth


You had one spell level left.
You didn't know any spells.
Your spell library was empty.

Inventory:

Hand Weapons
 a - a +0 shortbow (weapon)
Armour
 c - a +0 leather armour (worn)
Jewellery
 g - a ring of wizardry
Scrolls
 b - a scroll of butterflies
 e - a scroll of vulnerability {unknown}
 f - a scroll of enchant armour {unknown}
Potions
 d - a potion of berserk rage {unknown}
 h - 2 potions of curing {unknown}

Dungeon Overview and Level Annotations

Branches:
Dungeon (1/15)

Altars:


Message History

The frilled lizard bites you.
A rat comes into view.
A ball python comes into view.
The frilled lizard closely misses you.
The rat moves out of view.
You shoot an arrow. The arrow hits the ball python.
The ball python is heavily wounded.
The ball python barely misses you. The ball python grabs you.
The ball python constricts you. The frilled lizard bites you.
The ball python barely misses you. The ball python constricts you.
You shoot an arrow. The arrow hits the ball python.
The ball python is severely wounded.
The ball python bites you. The ball python constricts you.
The frilled lizard bites you.
You shoot an arrow. The arrow hits the ball python.
You kill the ball python!
The frilled lizard closely misses you.
You shoot an arrow.
The arrow closely misses the ball python.
The ball python bites you but does no damage.
The ball python barely misses you. The frilled lizard closely misses you.
The ball python bites you. The ball python grabs you.
The ball python constricts you.
You shoot an arrow.
The arrow barely misses the ball python.
The frilled lizard barely misses you. The ball python bites you.
The ball python constricts you.
You shoot an arrow.
The arrow closely misses the ball python.
The ball python closely misses you. The ball python constricts you.
The rat twitches its whiskers.
The frilled lizard bites you. The ball python barely misses you.
The ball python constricts you.
The frilled lizard bites you but does no damage.
You shoot an arrow. The arrow hits the ball python.
You kill the ball python!
The frilled lizard bites you but does no damage.
You shoot an arrow.
The arrow barely misses the ball python.
The ball python bites you but does no damage.
The ball python grabs you. The ball python constricts you.
You die...

.##
#.......###.#......##........
#####.......#
#...###.#.####.....
............#
####...###...###.##
.####.......# #.### ##...###.
.#####.###### #.# #......
....##.# ######.# ###.<.#
.##.##.# #......# #......
.....%.# #..#.#### #...###.
......## #). ##@S# #.(.## #
.##.#.# #.. ##l.# .## .##.#.#
... r..# .##.... #. .#.#
.####.### ###.. .# #.# #.. ..
..# ..# ## ### ##


You could see a ball python, a frilled lizard and a rat.

Vanquished Creatures
  A dart slug (D:1)
  4 bats (D:1)
  An endoplasm (D:1)
  A giant cockroach (D:1)
  A goblin (D:1)
  4 kobolds (D:1)
  4 ball pythons (D:1)
16 creatures vanquished.

Notes
Turn   | Place    | Note
-------+----------+-------------------------------------------
     0 | D:1      | qw the Deep Elf Hunter began the quest for the Orb.
     0 | D:1      | Reached XP level 1. HP: 12/12 MP: 3/3
     0 | D:1      | 0 ||| qw: Version: 0.3-a-9-g12657ce
     0 | D:1      | 0 ||| qw: Game counter: 4799
     0 | D:1      | 0 ||| qw: Always use a shield: true
     0 | D:1      | 0 ||| qw: God list: Okawaru
     0 | D:1      | 0 ||| qw: Allow faded altars: false
     0 | D:1      | 0 ||| qw: Do Orc after D:15 true
     0 | D:1      | 0 ||| qw: Do second Lair branch before Depths: true
     0 | D:1      | 0 ||| qw: Lair rune preference: random
     0 | D:1      | 0 ||| qw: Plans: Normal
     0 | D:1      | 0 ||| PLANNING D:1-11
   177 | D:1      | Reached skill level 6 in Ranged Weapons
   177 | D:1      | Reached XP level 2. HP: 16/16 MP: 4/4
   351 | D:1      | HP: 3/16 [ball python (2)]
   352 | D:1      | HP: 1/16 [frilled lizard (2)]
   354 | D:1      | Constricted to death by a ball python

Levels and vault maps discovered:
D:1:      dpeg_arrival_simpleton_a, layout_loops_cross,
          nicolae_ecumenical_snake_handling

Skill      XL: |  1 |
---------------+----+-----
Ranged Weapons | 6 |  6.4
Fighting       | |  1.5
Dodging        | |  2.4
Stealth        | |  1.2

Action                     || total
---------------------------++-------
   Fire: Shortbow          ||    42
 Armour: Leather armour    ||     6
  Dodge: Dodged            ||    15

Table legend:
 A = Non-vault XP
 B = Vault XP
 C = Vault XP percentage of total XP
 D = Non-vault monster count
 E = Vault monster count
 F = Vault count percentage of total count
                 A         B        C        D         E       F
            +---------+---------+-------+---------+---------+-------
      Total |      26 |       6 |  18.8 |      13 |       3 |  18.8
            +---------+---------+-------+---------+---------+-------
        D:1 |      26 |       6 |  18.8 |      13 |       3 |  18.8
            +---------+---------+-------+---------+---------+-------
